 Dungeon Crawl Stone Soup version 0.18.1-8-gdd0e5ea (webtiles) character file.

28 Karodes the Skirmisher (level 3, -3/36 HPs)
             Began as a Troll Fighter on May 24, 2016.
             Was an Initiate of the Shining One.
             Slain by Crazy Yiuf
             ... wielding a +4 quarterstaff of chaos
              (6 damage)
             ... on level 2 of the Dungeon.
             The game lasted 00:11:06 (964 turns).

Karodes the Skirmisher (Troll Fighter)               Turns: 964, Time: 00:11:07

Health: -3/36      AC:  5    Str: 30    XL:     3   Next: 0%
Magic:  2/2        EV:  8    Int:  9    God:    the Shining One [......]
Gold:   10         SH:  9    Dex:  9    Spells: 0 memorised, 2 levels left

rFire  . . .     SeeInvis .     a - +0 flail
rCold  . . .     Gourm    +     b - +0 robe
rNeg   . . .     Faith    .     c - +0 shield
rPois  .         Spirit   .     (helmet restricted)
rElec  .         Dismiss  .     (no cloak)
rCorr  .         Reflect  .     (gloves unavailable)
SustAt .         Harm     .     (boots unavailable)
MR     .....                    (no amulet)
Stlth  +.........               (no ring)
                                (no ring)

@: mighty, brilliant, glowing, not resistant to hostile enchantments, very
unstealthy
A: unfitting armour, claws 3, fast metabolism 3, gourmand, regeneration 2,
shaggy fur 1, tough skin 2
a: Renounce Religion


You were on level 2 of the Dungeon.
You worshipped the Shining One.
The Shining One was noncommittal.
You were not hungry.

You visited 1 branch of the dungeon, and saw 2 of its levels.

You collected 10 gold pieces.

Inventory:

Hand Weapons
 a - a +0 flail (weapon)
Missiles
 j - 31 arrows
Armour
 b - a +0 robe (worn)
 c - a +0 shield (worn)
 k - a +0 scale mail
 n - a +0 chain mail
Scrolls
 e - 4 scrolls of remove curse
 h - a scroll of enchant weapon {unknown}
 i - 2 scrolls of random uselessness {unknown}
 l - a scroll of identify {unknown}
Comestibles
 f - 2 bread rations


   Skills:
 + Level 2.7 Fighting
 + Level 2.1 Maces & Flails
 + Level 2.7 Dodging
 + Level 2.6 Shields


You had 2 spell levels left.
You didn't know any spells.

Dungeon Overview and Level Annotations

Branches:
Dungeon (2/15)

Altars:
The Shining One

Annotations:
D:2 Crazy Yiuf


Innate Abilities, Weirdness & Mutations

You are too large for most types of armour.
You have claws for hands.
Your metabolism is lightning-fast.
You like to eat raw meat.
You heal very quickly.
You are covered in fur (AC +1).
You have very tough skin (AC +2).


Message History

Crazy Yiuf hits you with a quarterstaff of chaos!
You are electrocuted!
Unknown command.
As you read the scroll labeled CEABUZAUQO, it crumbles to dust.
You hear a loud clanging noise!
It was a scroll of noise.
Crazy Yiuf grits, "Lay disdain leg!"
Crazy Yiuf barely misses you.
It was a potion of brilliance.
You feel clever all of a sudden. You block Crazy Yiuf's attack.
You feel very mighty all of a sudden.
Crazy Yiuf says, "Aardvark mumblescurry pontify!"
Crazy Yiuf hits you with a quarterstaff of chaos!
* * * LOW HITPOINT WARNING * * *
Crazy Yiuf burns you.
* * * LOW HITPOINT WARNING * * *
You closely miss Crazy Yiuf.
Crazy Yiuf hits you with a quarterstaff of chaos.
You die...

##...#.##..# #....
#....#####.####....
##..## #.>........
♣....♣ ##.###.##+#
♣...♣♣ #(..#.##.#
♣♣.♣♣ ###.#....#
♣.♣♣ ####'###...
♣♣.♣ #......'...
♣@♣♣ #......#...
♣♣g♣ #......#...
#'# #......##..
#...# #########..
#...# #.. #..)# ##.
##### .


You could see Crazy Yiuf.

Vanquished Creatures
  A worm (D:2)
  A dart slug (D:2)
  2 bats
  A giant cockroach (D:1)
  A goblin (D:2)
  4 hobgoblins (D:1)
  4 jackals (D:1)
  A quokka (D:2)
  2 kobolds
  4 rats
  4 fungi (D:2)
25 creatures vanquished.

Notes
Turn   | Place    | Note
--------------------------------------------------------------
     0 | D:1      | Karodes the Troll Fighter began the quest for the Orb.
     0 | D:1      | Reached XP level 1. HP: 22/22 MP: 0/0
   232 | D:1      | Reached XP level 2. HP: 21/29 MP: 1/1
   850 | D:2      | Found a glowing golden altar of the Shining One.
   864 | D:2      | Became a worshipper of the Shining One
   898 | D:2      | Reached XP level 3. HP: 36/36 MP: 2/2
   956 | D:2      | Noticed Crazy Yiuf
   964 | D:2      | Slain by Crazy Yiuf

Skill      XL: |  1  2 |
---------------+-------+-----
Maces & Flails | 2 |  2.1
Fighting       | |  2.7
Dodging        | |  2.7
Shields        | |  2.6

Action                   || total
-------------------------++-------
Melee: Flail             ||    97
  Use: Scroll            ||     2
       Potion            ||     2
  Eat: Bread ration      ||     1
       Meat ration       ||     1
Armor: Robe              ||    32
Dodge: Dodged            ||    42
Block: Shield            ||    43
